 Dungeon Crawl Stone Soup version 0.31-a0-841-g038b102fc3 (webtiles) character file.

Game seed: 14210583880786392949

18911 pokeman the Eclecticist (level 12, -3/70 HPs)
             Began as a Deep Elf Hedge Wizard on Sept 27, 2023.
             Was an Elder of Vehumet.
             Slain by a centaur warrior
             ... wielding a +0 falchion
              (17 damage)
             ... on level 13 of the Dungeon.
             The game lasted 00:34:48 (14822 turns).

pokeman the Eclecticist (Deep Elf Hedge Wizard)    Turns: 14822, Time: 00:34:48

Health: -3/70      AC:  9    Str:  7    XL:     12   Next: 31%
Magic:  6/34       EV: 13    Int: 29    God:    Vehumet [****..]
Gold:   91         SH:  0    Dex: 14    Spells: 24/43 levels left

rFire   . . .        s - +1 spear (venom)
rCold   + . .        (no shield)
rNeg    . . .        Q - +3 robe "Unlyd" {rC+}
rPois   .            n - +0 helmet of the Changing Gods {Int+4}
rElec   .            B - +1 cloak
rCorr   .            (no gloves)
SInv    .            x - +0 pair of boots
Will    +....        (no amulet)
Stlth   ++           u - ring of wizardry
HPRegen 0.31/turn    N - ring of flight
MPRegen 0.24/turn

%: wizardry (x1)
@: flying
A: no striking features
a: Renounce Religion


You were on level 13 of the Dungeon.
You worshipped Vehumet.
Vehumet was greatly pleased with you.
You visited 1 branch of the dungeon, and saw 13 of its levels.
You visited 1 bazaar.

You collected 605 gold pieces.
You spent 514 gold pieces at shops.

Inventory:

Hand Weapons
 s - a +1 spear of venom (weapon)
 A - a +4 quarterstaff of chaos
Missiles
 a - 2 throwing nets
 H - 3 curare-tipped darts
Armour
 k - a +0 robe of resistance
 n - the +0 helmet of the Changing Gods (worn) {Int+4}
   (You found it on level 3 of the Dungeon)

   Int+4:     It affects your intelligence (+4).
 x - a +0 pair of boots (worn)
 B - a +1 cloak (worn)
 E - a scarf of resistance
 M - a +2 buckler of protection
 Q - the +3 robe "Unlyd" (worn) {rC+}
   (You found it on level 12 of the Dungeon)

   rC+:       It protects you from cold.
Jewellery
 u - a ring of wizardry (left hand)
 v - a +6 ring of strength
 I - an amulet of faith
 J - the ring "Raverumu" {Fire Int+4 Stlth-}
   (You found it on level 13 of the Dungeon)

   [ring of fire]

   Fire:      It enhances your fire magic.
   Int+4:     It affects your intelligence (+4).
   rF+:       It protects you from fire.
   rC-:       It makes you vulnerable to cold.
   Stlth-:    It makes you less stealthy.
 N - a ring of flight (right hand)
Wands
 h - a wand of quicksilver (19)
 q - a wand of charming (22)
 w - a wand of flame (35)
 G - a wand of roots (15)
Scrolls
 b - 3 scrolls of enchant weapon {unknown}
 c - a scroll of fear {unknown}
 e - a scroll of fog {unknown}
 f - 2 scrolls of poison {unknown}
 i - a scroll of silence {unknown}
 j - 8 scrolls of teleportation {unknown}
 o - a scroll of enchant armour {unknown}
 p - 2 scrolls of revelation {unknown}
 t - 2 scrolls of immolation {unknown}
 y - 11 scrolls of identify {unknown}
 C - a scroll of noise {unknown}
 D - 3 scrolls of amnesia {unknown}
 P - a scroll of vulnerability {unknown}
Potions
 d - 2 potions of magic
 g - a potion of ambrosia {unknown}
 l - 3 potions of lignification {unknown}
 m - 6 potions of heal wounds
 r - 11 potions of curing
 z - 2 potions of degeneration {unknown}
 F - 2 potions of mutation
 K - 2 potions of attraction {unknown}
 L - 2 potions of might {unknown}
 O - a potion of haste


   Skills:
 - Level 6.0 Fighting
 + Level 3.6 Armour
 - Level 3.0 Dodging
 - Level 3.0 Stealth
 * Level 16.3 Spellcasting
 + Level 9.6 Conjurations
 - Level 1.1 Summonings
 + Level 9.5 Necromancy
 - Level 1.1 Translocations
 + Level 7.4 Fire Magic
 - Level 1.1 Air Magic
 - Level 1.1 Poison Magic
 - Level 1.3 Evocations


You had 24 spell levels left.
You knew the following spells:

 Your Spells              Type           Power      Damage    Failure   Level
a - Magic Dart            Conj           100%       1d8       1%          1
b - Mephitic Cloud        Conj/Pois/Air  46%        N/A       1%          3
c - Call Imp              Summ           60%        N/A       1%          2
d - Blink                 Tloc           60%        N/A       1%          2
e - Foxfire               Conj/Fire      100%       2x1d9     1%          1
f - Dispel Undead         Necr           68%        3d23      1%          4
g - Plasma Beam           Fire/Air       24%        2x1d36    6%          6

Your spell library contained the following spells:

 Spells                   Type           Power      Damage    Failure   Level
 Yara's Violent Unravell  Hex/Tmut       11%        3d6       6%          5
 Apportation              Tloc           60%        N/A       1%          1
 Kiss of Death            Conj/Necr      100%       2d13      1%          1
 Necrotise                Necr           100%       1d9       1%          1
 Slow                     Hex            92%        N/A       1%          1
 Summon Small Mammal      Summ           100%       N/A       1%          1
 Cigotuvi's Dreadful Rot  Necr/Pois/Air  92%        N/A       1%          2
 Arcjolt                  Conj/Air       26%        1d36      1%          5
 Confusing Touch          Hex            23%        N/A       2%          3
 Vhi's Electric Charge    Tloc/Air       60%        N/A       4%          4
 Summon Ice Beast         Ice/Summ       26%        N/A       6%          4
 Summon Mana Viper        Hex/Summ       26%        N/A       17%         5
 Monstrous Menagerie      Summ           15%        N/A       98%         7


Dungeon Overview and Level Annotations

Branches:
Dungeon (13/15)            Temple (0/1) D:5            Lair (0/5) D:9
    Orc (0/2) D:9
 Vaults: D:13-14

Altars:
Ashenzari
Hepliaklqana
Nemelex Xobeh
Okawaru
Sif Muna
Trog
Vehumet
Wu Jian
Xom
Zin

Shops:
D:12 (


Message History

The centaur warrior shoots an arrow.
The arrow completely misses you.
Unknown command.
Press: ? - help, v - describe, . - travel
Here: a centaur warrior, wielding a +0 shortbow (noxious fumes)
The floor.
Unknown command.
Unknown command.
Casting: Plasma Beam (dangerous; 6% risk of failure)
Confirm with . or Enter, or press ? or * to list all spells.
A tiny devil pulls itself out of the air.
You carefully extract the barbed spikes from your body.
The centaur warrior is engulfed in noxious fumes.
Unknown command.
Casting: Call Imp (safe; 1% risk of failure)
Confirm with . or Enter, or press ? or * to list all spells.
Aiming: Mephitic Cloud (safe; 1% risk of failure)
Press: ? - help, Shift-Dir - straight line, f/p - centaur warrior
Aim: a centaur warrior, wielding a +0 shortbow (ally target, chance to affect: 53%)
The ball explodes into a vile cloud!
The stinking cloud engulfs the centaur warrior but does no damage.
The stinking cloud engulfs you but does no damage.
You are engulfed in noxious fumes.
The centaur warrior is engulfed in noxious fumes.
The centaur warrior appears confused.
Unknown command.
Unknown command.
The centaur warrior is engulfed in noxious fumes.
The centaur warrior appears confused.
The centaur warrior unwields a +0 shortbow.
The centaur warrior wields a +0 falchion.
The centaur warrior completely misses you.
The centaur warrior kicks you but does no damage.
You completely miss the centaur warrior.
The centaur warrior is engulfed in noxious fumes.
Your cerulean imp hits the centaur warrior with a -1 spear.
Unknown command.
You hit the centaur warrior.
The centaur warrior is poisoned.
The centaur warrior is lightly wounded.
The centaur warrior hits you with a +0 falchion!
You die...

.......##..# ...........#######
#...<.c..#.....#
#..............#
#..H..c..#.....# .. #........#.
...##.# ....#........#...#.##.#
.....#........#○#.#.##.##
.##..#......°○☼5@....#..#######
. ...........○#.c.............#
...........#..........#
......................#
...........#..........#
....#.................#
....[......#..........#
...#.#.....###.######## ##
#...#.#.#.....###.#


You could see a centaur warrior (confused, very poisoned, ally target) and a
friendly cerulean imp (summoned).

Vanquished Creatures
  Kirke (D:10)
  Snorg (D:12)
  2 boulder beetles
  4 two-headed ogres
  A tengu warrior (D:13)
  Pikel (D:7)
  4 manticores
  An ugly thing (D:13)
  A gargoyle (D:13)
  A tengu conjurer (D:13)
  2 hornets
  Prince Ribbit (D:7)
  5 trolls
  4 slime creatures
  3 shadows
  A vampire (D:11)
  A wraith (D:11)
  A wyvern (D:8)
  A basilisk (D:13)
  5 yaks (D:10)
  A hog (shapeshifter) (D:13)
  2 steam dragons
  Menkaure (D:6)
  An acid dragon (D:11)
  7 orc warriors
  2 water moccasins
  An ice beast (D:6)
  2 sky beasts (D:7)
  5 black bears
  4 centaurs
  3 ogres (D:9)
  4 lemures (D:7)
  5 kobold brigands
  4 gnoll sergeants (D:9)
  5 bullfrogs
  3 scorpions
  15 wights (D:8)
  22 killer bees (D:8)
  3 howler monkeys
  2 hounds
  3 jellies
  Crazy Yiuf (D:6)
  6 orc priests
  2 gnoll boudas
  3 sleepcaps
  9 orc wizards
  2 iguanas
  13 gnolls
  9 adders
  A shadow imp (D:6)
  A white imp (D:6)
  A worm (D:2)
  3 dart slugs
  25 orcs
  10 ball pythons
  An endoplasm (D:4)
  2 giant cockroaches
  14 goblins
  5 hobgoblins
  4 jackals
  14 kobolds
  2 quokkas
  4 bats
  3 frilled lizards
  3 rats
  A foxfire (D:8)
275 creatures vanquished.

Vanquished Creatures (collateral kills)
  4 foxfires (D:9)
4 creatures vanquished.

Vanquished Creatures (others)
  2 humans (D:12)
  An orc (D:12)
  624 foxfires
627 creatures vanquished.

Grand Total: 906 creatures vanquished

Notes
Turn   | Place    | Note
-------+----------+-------------------------------------------
     0 | D:1      | pokeman the Deep Elf Hedge Wizard began the quest for the
                  | Orb.
     0 | D:1      | Reached XP level 1. HP: 10/10 MP: 7/7
   271 | D:1      | Reached XP level 2. HP: 15/15 MP: 6/9
   869 | D:2      | Reached skill level 5 in Spellcasting
  1154 | D:2      | Reached XP level 3. HP: 10/20 MP: 2/11
  1158 | D:2      | Learned a level 3 spell: Mephitic Cloud
  1161 | D:2      | Learned a level 2 spell: Call Imp
  1164 | D:2      | Learned a level 2 spell: Blink
  1455 | D:2      | Reached skill level 1 in Fighting
  1455 | D:2      | Reached skill level 1 in Armour
  2265 | D:3      | Reached XP level 4. HP: 25/25 MP: 6/13
  2369 | D:3      | Identified the +0 helmet of the Changing Gods {Int+4}
  2449 | D:3      | Found a bloodstained altar of Trog.
  2449 | D:3      | Found a shimmering altar of Xom.
  2500 | D:3      | Found a glowing silver altar of Zin.
  2500 | D:3      | Found a broken altar of Ashenzari.
  3133 | D:4      | Reached skill level 6 in Spellcasting
  3133 | D:4      | Reached XP level 5. HP: 29/29 MP: 7/15
  3256 | D:4      | Reached skill level 1 in Evocations
  3369 | D:4      | Reached skill level 1 in Air Magic
  3369 | D:4      | Reached skill level 1 in Poison Magic
  3369 | D:4      | Reached XP level 6. HP: 32/34 MP: 9/17
  3679 | D:4      | Reached skill level 7 in Spellcasting
  3920 | D:4      | Found an ornate altar of the Wu Jian Council.
  4056 | D:4      | Found a shimmering blue altar of Sif Muna.
  4056 | D:4      | Found a faded altar of an unknown god.
  4064 | D:4      | Found a radiant altar of Vehumet.
  4066 | D:4      | Found a faded altar of an unknown god.
  4067 | D:4      | Found a hazy altar of Hepliaklqana.
  4070 | D:4      | Became a worshipper of Vehumet
  4188 | D:4      | Learned a level 4 spell: Dispel Undead
  4262 | D:5      | Entered Level 5 of the Dungeon
  4322 | D:5      | Found a staircase to the Ecumenical Temple.
  4761 | D:5      | Found a sparkling altar of Nemelex Xobeh.
  4874 | D:6      | Reached skill level 1 in Necromancy
  4961 | D:6      | Reached XP level 7. HP: 23/39 MP: 7/20
  5059 | D:6      | Noticed Menkaure
  5060 | D:6      | Reached skill level 8 in Spellcasting
  5073 | D:6      | Killed Menkaure
  5426 | D:6      | Reached XP level 8. HP: 44/44 MP: 19/22
  5508 | D:6      | Reached skill level 9 in Spellcasting
  6315 | D:6      | Found a runed translucent door.
  6316 | D:6      | Noticed Crazy Yiuf
  6494 | D:6      | Killed Crazy Yiuf
  6705 | D:7      | Reached skill level 5 in Conjurations
  6813 | D:7      | Noticed Pikel
  6850 | D:7      | Killed Pikel
  6851 | D:7      | Reached skill level 10 in Spellcasting
  6971 | D:7      | Reached * piety under Vehumet
  6971 | D:7      | Offered knowledge of Foxfire by Vehumet.
  6975 | D:7      | Learned a level 1 spell: Foxfire
  7012 | D:7      | Noticed Prince Ribbit
  7024 | D:7      | Killed Prince Ribbit
  7025 | D:7      | Reached skill level 5 in Necromancy
  7025 | D:7      | Reached skill level 1 in Fire Magic
  7025 | D:7      | Reached XP level 9. HP: 38/48 MP: 16/25
  7149 | D:7      | Reached skill level 11 in Spellcasting
  7649 | D:7      | HP: 2/49 [something (5)]
  8017 | D:8      | Reached ** piety under Vehumet
  8017 | D:8      | Offered knowledge of Freeze by Vehumet.
  8310 | D:8      | Reached skill level 12 in Spellcasting
  8341 | D:8      | Noticed a two-headed ogre
  8353 | D:8      | Killed a two-headed ogre
  8354 | D:8      | Reached XP level 10. HP: 56/56 MP: 18/28
  8767 | D:8      | Offered knowledge of Inner Flame by Vehumet.
  9415 | D:8      | Reached skill level 13 in Spellcasting
  9520 | D:9      | Noticed a two-headed ogre
  9540 | D:8      | Killed a two-headed ogre
  9597 | D:9      | Noticed a two-headed ogre
  9616 | D:8      | Killed a two-headed ogre
  9776 | D:8      | Reached *** piety under Vehumet
  9777 | D:8      | Reached skill level 5 in Fire Magic
  9918 | D:9      | Paralysed by a hornet for 1 turns
  9939 | D:9      | Offered knowledge of Hailstorm by Vehumet.
 10037 | D:9      | Reached skill level 14 in Spellcasting
 10037 | D:9      | Reached XP level 11. HP: 61/62 MP: 10/31
 10589 | D:9      | Found a staircase to the Lair.
 10789 | D:9      | Found an iron altar of Okawaru.
 10820 | D:9      | Found a staircase to the Orcish Mines.
 10983 | D:10     | Entered Level 10 of the Dungeon
 11045 | D:10     | Reached skill level 5 in Fighting
 11111 | D:10     | Noticed a two-headed ogre
 11127 | D:10     | Killed a two-headed ogre
 11854 | D:11     | Reached **** piety under Vehumet
 11885 | D:11     | Noticed a boulder beetle
 11958 | D:11     | Killed a boulder beetle
 11967 | D:11     | Reached skill level 15 in Spellcasting
 12022 | D:11     | Learned a level 6 spell: Plasma Beam
 12052 | D:11     | Offered knowledge of Yara's Violent Unravelling by Vehumet.
 12164 | D:11     | Found a flickering gateway to a bazaar.
 12178 | Bazaar   | Entered a bazaar
 12251 | Bazaar   | Found Qeoschede's Antique Armour Emporium.
 12258 | Bazaar   | Found Zuikik's Distillery.
 12290 | Bazaar   | Found Ycaikuso's Jewellery Boutique.
 12298 | Bazaar   | Found Hadiph's Jewellery Emporium.
 12305 | Bazaar   | Bought a ring of flight for 140 gold pieces
 12319 | Bazaar   | Bought a potion of magic for 88 gold pieces
 12319 | Bazaar   | Bought a potion of curing for 33 gold pieces
 12319 | Bazaar   | Bought a potion of heal wounds for 55 gold pieces
 12319 | Bazaar   | Bought a potion of mutation for 88 gold pieces
 12319 | Bazaar   | Bought a potion of haste for 110 gold pieces
 12577 | D:12     | Noticed Snorg
 12590 | D:12     | Killed Snorg
 12896 | D:12     | Noticed Kirke
 13263 | D:10     | Killed Kirke
 13346 | D:12     | Noticed a boulder beetle
 13586 | D:12     | Found Hywnox's Weapon Emporium.
 13593 | D:12     | Identified the +1 leather armour of the Maze {Harm}
 13649 | D:12     | Killed a boulder beetle
 13650 | D:12     | Reached XP level 12. HP: 45/69 MP: 12/33
 13967 | D:12     | Identified the +3 robe "Unlyd" {rC+}
 14190 | D:13     | Noticed a centaur warrior
 14340 | D:13     | Noticed a tengu warrior
 14343 | D:13     | Killed a tengu warrior
 14344 | D:13     | Reached skill level 16 in Spellcasting
 14753 | D:13     | Identified the ring "Raverumu" {Fire Int+4 Stlth-}
 14822 | D:13     | Slain by a centaur warrior

Illustrated notes

Levels and vault maps discovered:
D:1:      minmay_arrival_solitary_statue, layout_rooms
D:2:      layout_loops_ring
D:3:      layout_basic, grunt_temple_overflow_open
D:4:      layout_rooms, chequers_temple_overflow_minitemple,
          mainiacjoe_overflow_24_doors
D:5:      layout_rooms, nemelex_altar_shiori, minmay_temple_entry_mini_moons
D:6:      layout_layer_cave, uniq_crazy_yiuf_cottage, uniq_menkaure
D:7:      layout_basic, minmay_misc_feat_encased, nicolae_fountain_basement,
          uniq_pikel, uniq_prince_ribbit1
D:8:      layout_cave_pods, minivault_21, corexii_checkpoint_a,
          nicolae_letterblocks [nicolae_letter_subblock,
          nicolae_letter_subblock, nicolae_letter_subblock,
          nicolae_letter_subblock, nicolae_letter_subblock,
          nicolae_letter_subblock, nicolae_letter_subblock,
          nicolae_letter_subblock, nicolae_letter_subblock,
          nicolae_letter_subblock, nicolae_letter_subblock,
          nicolae_letter_subblock, nicolae_letter_subblock,
          nicolae_letter_subblock, nicolae_letter_subblock,
          nicolae_letter_subblock, nicolae_letter_subblock,
          nicolae_letter_subblock, nicolae_letter_subblock,
          nicolae_letter_subblock, nicolae_letter_subblock,
          nicolae_letter_subblock, nicolae_letter_subblock,
          nicolae_letter_subblock, nicolae_letter_subblock]
D:9:      layout_big_octagon, okawaru_metal_pillars_1_2,
          due_lair_maze_entry_diamond, kennysheep_orc_monster_closet_entryway,
          serial_bayou_pond_c
D:10:     layout_roguey
D:11:     layout_basic, serial_shops, bzr_entry_customers
D:12:     layout_cave_pools, serial_shops, nicolae_shop_bloodbath_and_beyond,
          uniq_snorg, uniq_kirke
D:13:     layout_rooms, nicolae_ru_great_annihilating_truth

Skill      XL: |  1  2  3  4  5  6  7  8  9 10 11 12 |
---------------+-------------------------------------+-----
Spellcasting   | 5 6 7 8 10 12 14 15 16 | 16.3
Fighting       | 1 2 3 4 5 6 |  6.0
Armour         | 1 3 |  3.6
Conjurations   | 2 3 4 5 6 8 9 |  9.6
Stealth        | 3 |  3.0
Dodging        | 3 |  3.0
Evocations     | 1 |  1.3
Air Magic      | 1 |  1.1
Poison Magic   | 1 |  1.1
Necromancy     | 1 3 5 6 7 9 |  9.5
Fire Magic     | 1 3 5 7 |  7.4
Summonings     | |  1.1
Translocations | |  1.1

Action                     |  1- 3 |  4- 6 |  7- 9 | 10-12 || total
---------------------------+-------+-------+-------+-------++-------
  Melee: Dagger            |     7 |    13 |       |       ||    20
         Spear             |       |    11 |    92 |   133 ||   236
         Punch             |       |       |       |     1 ||     1
   Cast: Magic Dart        |   115 |   126 |    34 |     2 ||   277
         Call Imp          |       |     6 |     2 |     1 ||     9
         Mephitic Cloud    |       |     7 |    21 |    51 ||    79
         Dispel Undead     |       |       |     4 |    16 ||    20
         Foxfire           |       |       |    94 |   251 ||   345
         Blink             |       |       |     2 |    10 ||    12
         Plasma Beam       |       |       |       |    45 ||    45
  Evoke: Wand              |       |       |     1 |     4 ||     5
   Stab: Confused          |       |     3 |    11 |    18 ||    32
         Distracted        |       |     1 |       |       ||     1
 Armour: Robe              |    19 |    19 |    38 |    79 ||   155
         Steam dragon scal |       |       |       |    51 ||    51
         Skin              |       |       |       |     1 ||     1
  Dodge: Dodged            |    29 |    24 |    44 |   123 ||   220

Table legend: (Time is in decaauts)
 A = Elapsed time spent in this place.
 B = Non-inter-level travel time spent in this place.
 C = Inter-level travel time spent in this place.
 D = Time resting spent in this place.
 E = Time spent auto-exploring this place.
 F = Levels seen in this place.
 G = Mean time per level.
                   A        B        C        D        E       F      G
               +--------+--------+--------+--------+--------+-----+--------+
         Total |  14878 |  14125 |    753 |   1447 |  10049 |  14 | 1062.7 |
       Dungeon |  14718 |  13965 |    753 |   1447 |   9941 |  13 | 1132.2 |
        Bazaar |    159 |    159 |      0 |      0 |    108 |   1 |  159.0 |
               +--------+--------+--------+--------+--------+-----+--------+

Top non-repeatable levels by time:
     D:8: 2099 daAuts
     D:6: 1901 daAuts
     D:2: 1321 daAuts
    D:11: 1272 daAuts
     D:7: 1207 daAuts
    D:10: 1082 daAuts
     D:9: 1056 daAuts
     D:3: 1050 daAuts
     D:4: 1032 daAuts
    D:12: 927 daAuts
     D:1: 860 daAuts
     D:5: 534 daAuts
    D:13: 374 daAuts
  Bazaar: 159 daAuts
